 Dungeon Crawl Stone Soup version 0.28.0-47-ge53b351184 (webtiles) character file.

Game seed: 15611724830436646171

86 klau3 the Slasher (level 4, 0/38 HPs)
             Began as a Minotaur Gladiator on May 4, 2022.
             Succumbed to an adder's poison
             ... on level 2 of the Dungeon.
             The game lasted 00:04:50 (1852 turns).

klau3 the Slasher (Minotaur Gladiator)              Turns: 1852, Time: 00:04:50

Health: 0/38       AC:  5    Str: 20    XL:     4   Next: 26%
Magic:  3/3        EV: 12    Int:  5    God:
Gold:   45         SH:  0    Dex: 12    Spells: 3/3 levels left

rFire   . . .      SeeInvis +   a - +0 long sword
rCold   . . .      Faith    .   (no shield)
rNeg    . . .      Spirit   .   f - +0 ring mail
rPois   .          Reflect  .   c - +0 hat
rElec   .          Harm     .   (no cloak)
rCorr   .          Rampage  .   (no gloves)
Will    .....                   (no boots)
Stlth   +.........              (no amulet)
HPRegen 0.12/turn               i - ring of see invisible
MPRegen 0.08/turn               (no ring)

@: lethally poisoned (0 -> -6)
A: horns 2, retaliatory headbutt
a: no special abilities


You were on level 2 of the Dungeon.
You visited 1 branch of the dungeon, and saw 2 of its levels.

You collected 45 gold pieces.

Inventory:

Hand Weapons
 a - a +0 long sword (weapon)
Missiles
 d - 3 throwing nets (quivered)
 e - 48 arrows
Armour
 b - a +0 leather armour
 c - a +0 hat (worn)
 f - a +0 ring mail (worn)
Jewellery
 i - a ring of see invisible (left hand)
Scrolls
 j - a scroll of teleportation {unknown}
 k - a scroll of torment {unknown}
Potions
 g - a potion of curing {unknown}
 h - a potion of heal wounds {unknown}


   Skills:
 + Level 3.0 Fighting
 + Level 4.6 Long Blades
 + Level 2.0 Throwing
 + Level 2.0 Armour
 + Level 4.1 Dodging


You had 3 spell levels left.
You didn't know any spells.
Your spell library contained the following spells:

 Spells                   Type           Power      Damage    Failure   Level
 Airstrike                Air            0%         N/A       100%        4
 Summon Lightning Spire   Summ/Air       0%         N/A       100%        4
 Lightning Bolt           Conj/Air       0%         1d11      100%        5


Dungeon Overview and Level Annotations

Branches:
Dungeon (2/15)

Altars:


Innate Abilities, Weirdness & Mutations

You have a pair of horns on your head.
You reflexively headbutt those who attack you in melee.


Message History

The gnoll hits you but does no damage. The gnoll barely misses you.
You furiously retaliate!
You headbutt the gnoll, but do no damage.
The adder closely misses you. The dart slug launches a dart at you.
The slug dart misses you.
The slug dart hits the gnoll.
The gnoll closely misses you. You furiously retaliate!
You headbutt the gnoll. You hit the gnoll but do no damage.
The gnoll is severely wounded.
The adder barely misses you. The gnoll closely misses you.
You furiously retaliate!
You headbutt the gnoll. The gnoll hits you with a +0 club.
The gnoll closely misses you. You furiously retaliate!
You headbutt the gnoll!
You kill the gnoll!
The dart slug bites you but does no damage.
The adder barely misses you. The gnoll hits you with a +0 whip!
The gnoll misses you.
You closely miss the gnoll.
The gnoll is almost dead.
The adder bites you.
You are poisoned.
The adder poisons you! The dart slug barely misses you.
You furiously retaliate!
You headbutt the dart slug, but do no damage.
The gnoll hits you with a +0 whip.
* * * LOW HITPOINT WARNING * * *
The gnoll hits you with a +0 club.
* * * LOW HITPOINT WARNING * * *
You slash the gnoll!
You kill the gnoll!
* * * LOW HITPOINT WARNING * * *
You feel sick. The adder bites you but does no damage.
The gnoll barely misses you. The adder barely misses you.
The dart slug launches a dart at you. The slug dart misses you.
Your Armour skill increases to level 2!
Unknown command.
You barely miss the gnoll. You headbutt the gnoll.
The gnoll is moderately wounded.
You die...

...#...#)##........
#.......<.##.##........
#........>##.##.#......
#.........##.##.###....
#.........##.#..# #....
##.........##....#
#....
...........##..#.#
#....
......gw.........#
#....
...>w.g@........##
#.... ......S)........#
#### ###########.....#
#.....# #.....# #######


You could see a worm, 2 gnolls, an adder and a dart slug.

Vanquished Creatures
  2 gnolls (D:2)
  An adder (D:2)
  2 dart slugs
  An orc (D:2)
  8 endoplasms
  A giant cockroach (D:2)
  2 goblins (D:2)
  9 hobgoblins
  4 jackals (D:1)
  8 kobolds
  A ball python (D:1)
  6 bats
  A frilled lizard (D:1)
  4 rats
50 creatures vanquished.

Notes
Turn   | Place    | Note
-------+----------+-------------------------------------------
     0 | D:1      | klau3 the Minotaur Gladiator began the quest for the Orb.
     0 | D:1      | Reached XP level 1. HP: 18/18 MP: 0/0
   390 | D:1      | Reached XP level 2. HP: 25/25 MP: 1/1
  1049 | D:1      | Reached XP level 3. HP: 30/30 MP: 2/2
  1331 | D:2      | Reached skill level 1 in Armour
  1829 | D:2      | Reached XP level 4. HP: 38/38 MP: 3/3
  1852 | D:2      | Succumbed to an adder's poison

Illustrated notes

Levels and vault maps discovered:
D:1:      minmay_arrival_four_houses, layout_loops_corners, minmay_tromino_v2
D:2:      layout_rooms, nicolae_figureground_sparkle

Skill      XL: |  1  2  3  4 |
---------------+-------------+-----
Long Blades    | 4 |  4.6
Dodging        | 4 |  4.1
Armour         | 1 2 |  2.0
Fighting       | 3 |  3.0
Throwing       | |  2.0

Action                   |  1- 3 |  4- 6 || total
-------------------------+-------+-------++-------
Melee: Long sword        |    95 |     9 ||   104
       Headbutt          |    11 |     2 ||    13
       Punch             |     2 |       ||     2
Armor: Leather armour    |    12 |       ||    12
       Ring mail         |    30 |     4 ||    34
Dodge: Dodged            |    95 |    18 ||   113
